 Dungeon Crawl Stone Soup version 0.25-a0-558-g78a2afb0af (webtiles) character file.

Game seed: 12724791431943955678, levelgen mode: classic

387 EnegeticOcto the Chopper (level 6, 19/57 HPs)
             Began as a Deep Dwarf Fighter on Feb 24, 2020.
             Quit the game on level 5 of the Dungeon.
             The game lasted 00:01:04 (1154 turns).

EnegeticOcto the Chopper (Deep Dwarf Fighter)       Turns: 1154, Time: 00:01:04

Health: 19/57      AC:  9    Str: 21    XL:     6   Next: 49%
Magic:  5/5        EV:  8    Int:  9    God:
Gold:   109        SH: 10    Dex: 12    Spells: 5/5 levels left

rFire    . . .     SeeInvis .   a - +0 war axe
rCold    . . .     Gourm    .   c - +1 kite shield
rNeg     . . .     Faith    .   b - +0 scale mail
rPois    .         Spirit   .   f - +2 hat
rElec    .         Reflect  .   (no cloak)
rCorr    .         Harm     .   (no gloves)
MR       .....                  (no boots)
Stlth    ..........             (no amulet)
HPRegen  0.00/turn              (no ring)
MPRegen  0.09/turn              (no ring)

@: quite poisoned (19 -> 10), berserk cooldown, non-regenerating, slowed, very
slow
A: damage resistance, heal wounds, sense surroundings 1, no regeneration
a: Heal Wounds


You were on level 5 of the Dungeon.
You were not hungry.

You visited 1 branch of the dungeon, and saw 5 of its levels.

You collected 109 gold pieces.

Inventory:

Hand Weapons
 a - a +0 war axe (weapon)
Armour
 b - a +0 scale mail (worn)
 c - a +1 kite shield (worn)
 f - a +2 hat (worn)
Potions
 g - a potion of lignification {unknown}
 h - a potion of stabbing {unknown}
 k - a potion of might {@q3}
 m - a potion of ambrosia
Comestibles
 d - 5 chunks of flesh
 e - 2 rations


   Skills:
 * Level 4.2 Fighting
 * Level 4.4 Axes
 + Level 4.3 Armour
 + Level 2.3 Dodging
 + Level 4.3 Shields


You had 5 spell levels left.
You didn't know any spells.
Your spell library was empty.

Dungeon Overview and Level Annotations

Branches:
Dungeon (5/15)
 Temple: D:4-7

Altars:


Innate Abilities, Weirdness & Mutations

You are resistant to damage.
You can heal yourself by infusing magical energy.
You passively map a small area around you.
You do not regenerate.


Message History

You feel stronger. The killer bee closely misses you.
You closely miss the killer bee.
The killer bee stings you but does no damage.
The killer bee stings you.
You miss the killer bee. The killer bee closely misses you.
You closely miss the killer bee. The killer bee closely misses you.
You block the killer bee's attack.
You slice the killer bee!!
You kill the killer bee!
The killer bee stings you.
You slice the killer bee!!
You kill the killer bee!
You block the killer bee's attack.
You barely miss the killer bee.
The killer bee stings you but does no damage.
You closely miss the killer bee. The killer bee stings you.
The killer bee stings you but does no damage.
You closely miss the killer bee. You block the killer bee's attack.
The killer bee barely misses you.
You miss the killer bee.
You are no longer berserk.
You are exhausted.
You feel yourself slow down. You block the killer bee's attack. x2
You barely miss the killer bee. You block the killer bee's attack.
The killer bee stings you. You block the killer bee's attack.
You miss the killer bee. The killer bee barely misses you.
You block the killer bee's attack. The killer bee barely misses you.
You block the killer bee's attack.
You barely miss the killer bee. The killer bee barely misses you.
You block the killer bee's attack.
The killer bee stings you but does no damage.
The killer bee stings you.
You are more poisoned.
The killer bee poisons you!
You barely miss the killer bee. You block the killer bee's attack.
The killer bee stings you!
The killer bee stings you but does no damage.
The killer bee barely misses you.
You barely miss the killer bee. The killer bee stings you.
You are more poisoned.
The killer bee poisons you! The killer bee stings you.
You are more poisoned.
The killer bee poisons you! The killer bee stings you.
The killer bee closely misses you.
You closely miss the killer bee.
You feel very sick. The killer bee stings you. The killer bee stings you!
You are more poisoned.
The killer bee poisons you!
The killer bee stings you but does no damage. x2
You are too injured to fight recklessly!
You are too injured to fight recklessly!
You are too injured to fight recklessly!
You are too injured to fight recklessly!
You are too injured to fight recklessly!
You are too injured to fight recklessly!
You are too injured to fight recklessly!
You are too injured to fight recklessly!
You are too injured to fight recklessly!
You are too injured to fight recklessly!
You are too injured to fight recklessly!
You are too injured to fight recklessly!
You are too injured to fight recklessly!
You fail to use your ability.
You feel very sick. The killer bee stings you. x2
* * * LOW HITPOINT WARNING * * *
The killer bee barely misses you.
You feel much better.
You feel very sick. The killer bee stings you.
You are more poisoned.
The killer bee poisons you! You block the killer bee's attack. x2
You miss the killer bee.
You feel very sick. The killer bee stings you.
You block the killer bee's attack.
The killer bee stings you but does no damage.
The killer bee closely misses you.
You slash the killer bee!
The killer bee is severely wounded.
You feel very sick. The killer bee barely misses you.
The killer bee stings you.
You are more poisoned.
The killer bee poisons you! The killer bee misses you.
The killer bee stings you but does no damage.
You are too injured to fight recklessly!
You are too injured to fight recklessly!
You are too injured to fight recklessly!
You are too injured to fight recklessly!
You are too injured to fight recklessly!
You are too injured to fight recklessly!
You are too injured to fight recklessly!
You are too injured to fight recklessly!
You are too injured to fight recklessly!
You are too injured to fight recklessly!
You are too injured to fight recklessly!
You are too injured to fight recklessly!
You are too injured to fight recklessly!
Are you sure you want to abandon this character and quit the game? (Confirm with "yes".)

<........###########
.#######...........#######
)# #####...#####.#........
.###.##.....###...########
, .##.........##.....# .#
#.##.....###...##
.###.###...## ##.##
.........### #.# ,
####.##### #@# #.# #y# #.#
**.TJ , #.# *..... * ...,
....... * *#.. .........*
* >.. , +.........+,
#.........#


You could see a troll, a jelly and a killer bee.

Vanquished Creatures
  5 killer bees (D:5)
  3 worker ants (D:4)
  2 adders
  A worm (D:2)
  A dart slug (D:1)
  6 leopard geckos
  11 orcs
  A giant cockroach (D:2)
  3 goblins
  2 hobgoblins
  10 jackals
  3 kobolds
  3 quokkas
  A bat (D:2)
  A frilled lizard (D:4)
  A giant cockroach zombie (D:3)
  2 quokka skeletons (D:4)
  2 rats
58 creatures vanquished.

Vanquished Creatures (others)
  2 ghouls (D:1)
  2 draconians (D:1)
  An octopode (D:1)
  A vine stalker (D:1)
  A troll (D:1)
  A formicid (D:1)
  A human (D:1)
  A naga (D:1)
  An ogre (D:1)
  A centaur (D:1)
  5 tentacles (D:1)
17 creatures vanquished.

Grand Total: 75 creatures vanquished

Notes
Turn   | Place    | Note
-------+----------+-------------------------------------------
     0 | D:1      | EnegeticOcto the Deep Dwarf Fighter began the quest for the
                  | Orb.
     0 | D:1      | Reached XP level 1. HP: 20/20 MP: 1/1
     0 | D:1      | Noticed a naga
     0 | D:1      | Noticed a formicid
     0 | D:1      | Noticed a ghoul
     0 | D:1      | Noticed a troll
     0 | D:1      | Noticed a draconian
     0 | D:1      | Noticed a vine stalker
     0 | D:1      | Noticed a ghoul
     0 | D:1      | Noticed a kraken
     0 | D:1      | Noticed a draconian
     0 | D:1      | Noticed an ogre
     0 | D:1      | Noticed a centaur
     0 | D:1      | Noticed a human
     0 | D:1      | Noticed an octopode
     5 | D:1      | Killed an octopode
     5 | D:1      | Killed a formicid
     5 | D:1      | Killed a centaur
     6 | D:1      | Killed a naga
     8 | D:1      | Killed a human
     9 | D:1      | Killed a draconian
    10 | D:1      | Killed a troll
    11 | D:1      | Killed a draconian
    11 | D:1      | Killed a ghoul
    12 | D:1      | Killed an ogre
    13 | D:1      | Killed a vine stalker
    15 | D:1      | Killed a ghoul
    76 | D:2      | Reached XP level 2. HP: 16/27 MP: 2/2
   277 | D:3      | Reached XP level 3. HP: 30/34 MP: 3/3
   558 | D:4      | Reached skill level 1 in Dodging
   565 | D:4      | Reached XP level 4. HP: 27/42 MP: 4/4
   845 | D:4      | Reached XP level 5. HP: 29/49 MP: 5/5
  1044 | D:5      | Entered Level 5 of the Dungeon
  1096 | D:5      | Noticed a troll
  1134 | D:5      | Reached XP level 6. HP: 57/57 MP: 5/5
  1154 | D:5      | Quit the game

Levels and vault maps discovered:
D:1:      nicolae_arrival_kraken_aquarium_a, layout_loops_ring,
          hangedman_decor_clover_reticule
D:2:      cheibrodos_fertilizer, layout_loops_corners,
          nemelex_xobeh_ov_fountains_minmay, lemuel_crystal_altar, minivault_14
D:3:      layout_loops_corners, first_ration, uniq_grinder
D:4:      layout_rooms, chequers_big_river
D:5:      layout_loops_corners, minmay_temple_entry_mini_moons

Skill      XL: |  1  2  3  4  5 |
---------------+----------------+-----
Fighting       | 3 4 |  4.2
Axes           | 3 4 |  4.4
Dodging        | 1 2 |  2.3
Armour         | 4 |  4.3
Shields        | 4 |  4.3

Action                   |  1- 3 |  4- 6 || total
-------------------------+-------+-------++-------
Melee: War axe           |    80 |   118 ||   198
 Abil: Heal Wounds       |     1 |     4 ||     5
  Use: Scroll            |       |     5 ||     5
       Potion            |       |     1 ||     1
  Eat: Chunk             |       |     1 ||     1
Armor: Scale mail        |    45 |    74 ||   119
Dodge: Dodged            |    22 |    76 ||    98
Block: Kite shield       |    41 |    91 ||   132

Table legend:
 A = Non-vault XP
 B = Vault XP
 C = Vault XP percentage of total XP
 D = Non-vault monster count
 E = Vault monster count
 F = Vault count percentage of total count
                 A         B        C        D         E       F
            +---------+---------+-------+---------+---------+-------
      Total |     553 |       0 |   0.0 |      58 |       0 |   0.0
            +---------+---------+-------+---------+---------+-------
        D:1 |      10 |       0 |   0.0 |       4 |       0 |   0.0
        D:2 |      30 |       0 |   0.0 |       9 |       0 |   0.0
        D:3 |      19 |       0 |   0.0 |      10 |       0 |   0.0
        D:4 |     157 |       0 |   0.0 |      22 |       0 |   0.0
        D:5 |     337 |       0 |   0.0 |      13 |       0 |   0.0
            +---------+---------+-------+---------+---------+-------
